AoeStats
← catchchez

Glade

510507303Analyzed
1v1 RM · 2d ago on Oct 1, 2026· 38m 25s· 2 players
Game mode
Random Map
Map size
Tiny (2 player)
Population
200
Speed
Normal
Resources
Standard
Victory
Conquest
Starting age
Dark Age
Ending age
Imperial Age
RankedLock teamsTeams togetherTeam positionsShared explorationLock speedFull tech treeHidden civsTurbo modeCheats
Victory
Defeat
🇩🇰 Danes · Denmark
791
+16
🇮🇳 Portuguese · India
783
-16
catchchez
1:46 Loom
11:41 Feudal Age
14:07 Double-Bit Axe
21:00 Castle Age
20:00 Fletching
26:27 Bodkin Arrow
sortie
12:06 Feudal Age
16:10 Castle Age
15:47 Horse Collar
16:34 Scale Mail Armor
22:13 Loom
28:05 Hamask
38:03 Imperial Age
37:02 Wheelbarrow
36:33 Double-Bit Axe
37:35 Squires
37:27 Gambesons
37:56 Forging
Connection lost

Rejoining the realm…

Still unreachable

The connection could not be restored.

Session expired

The server has moved on; the page needs a fresh start.